 Dungeon Crawl Stone Soup version 0.28.0-1-gb440e238dd (webtiles) character file.

Game seed: 17360976526840336522

4562 hawla the Cruncher (level 10, -3/77 HPs)
             Began as a Grey Draconian Conjurer on Feb 26, 2022.
             Was a Follower of Vehumet.
             Slain by an eight-headed hydra (7 damage)
             ... on level 8 of the Dungeon on Feb 27, 2022.
             The game lasted 00:29:20 (11937 turns).

hawla the Cruncher (Grey Draconian Conjurer)       Turns: 11937, Time: 00:29:20

Health: -3/77      AC: 14    Str:  9    XL:     10   Next: 18%
Magic:  4/14       EV: 11    Int: 32    God:    Vehumet [*.....]
Gold:   457        SH:  6    Dex:  9    Spells: 9/17 levels left

rFire   . . .      SeeInvis +   j - staff of conjuration
rCold   . . .      Faith    .   m - +2 buckler
rNeg    . . .      Spirit   .   (armour unavailable)
rPois   .          Reflect  .   f - +2 hat
rElec   .          Harm     .   (no cloak)
rCorr   +          Rampage  .   (no gloves)
Will    .....                   (no boots)
Stlth   ++........              (no amulet)
HPRegen 0.22/turn               d - +6 ring of intelligence
MPRegen 0.14/turn               u - ring of Kunig {Contam +Blink Fly rCorr SInv}

@: flying, very slightly contaminated, hasted, very quick
A: AC +12, amphibious, unfitting armour, cold-blooded, clever 1, low MP 1
a: Renounce Religion, Evoke Blink


You were on level 8 of the Dungeon.
You worshipped Vehumet.
Vehumet was aware of your devotion.
You visited 2 branches of the dungeon, and saw 10 of its levels.

You collected 457 gold pieces.

Inventory:

Hand Weapons
 g - a +0 quarterstaff
 l - the +10 war axe "Beuvolon" {speed, Str+5}
   (You took it off a centaur on level 8 of the Dungeon)

   Attacks with this weapon are significantly faster.
   Str:       It affects your strength (+5).
Missiles
 s - 8 poisoned darts
Armour
 f - a +2 hat (worn)
 m - a +2 buckler (worn)
Magical Staves
 j - a staff of conjuration (weapon)
 r - a staff of air
Jewellery
 d - a +6 ring of intelligence (left hand)
 i - a +6 ring of dexterity
 k - a ring of flight
 u - the ring of Kunig (right hand) {Contam +Blink Fly rCorr SInv}
   (You found it on level 6 of the Dungeon)

   [ring of resist corrosion]

   SInv:      It lets you see invisible.
   Fly:       It grants you flight.
   +Blink:    It lets you blink.
   Contam:    It causes magical contamination when unequipped.
   rCorr:     It protects you from acid and corrosion.
Wands
 a - a wand of iceblast (5)
Scrolls
 c - a scroll of fog
 o - a scroll of identify
 p - a scroll of enchant weapon {unknown}
 v - a scroll of teleportation
Potions
 b - a potion of brilliance
 e - a potion of haste
 h - a potion of curing
 q - 4 potions of attraction
 t - 2 potions of cancellation


   Skills:
 - Level 3.5 Fighting
 + Level 11.4 Staves
 - Level 2.5 Dodging
 - Level 3.2 Stealth
 - Level 4.0 Shields
 - Level 4.0 Spellcasting
 - Level 6.0 Conjurations
 - Level 1.0 Translocations
 - Level 1.0 Earth Magic
 - Level 3.0 Evocations


You had 9 spell levels left.
You knew the following spells:

 Your Spells              Type           Power      Damage    Failure   Level
a - Magic Dart            Conj           100%       1d8       1%          1
b - Searing Ray           Conj           100%       2d8       1%          2
c - Iskenderun's Mystic   Conj/Tloc      43%        2d10      17%         4
d - Apportation           Tloc           24%        N/A       4%          1

Your spell library contained the following spells:

 Spells                   Type           Power      Damage    Failure   Level
 Freeze                   Ice            24%        1d5       7%          1
 Dazzling Flash           Conj/Hex       76%        N/A       6%          3
 Fulminant Prism          Conj/Hex       19%        3d11      21%         4
 Frozen Ramparts          Ice            12%        1d3       22%         3
 Ice Form                 Ice/Tmut       6%         N/A       56%         4
 Summon Ice Beast         Ice/Summ       6%         N/A       56%         4
 Alistair's Intoxication  Tmut/Pois      4%         N/A       89%         5
 Malign Gateway           Summ/Tloc      4%         N/A       100%        7
 Summon Horrible Things   Summ           3%         N/A       100%        8


Dungeon Overview and Level Annotations

Branches:
Dungeon (9/15)             Temple (1/1) D:7
   Lair: D:8-11         Orc: D:9-12

Altars:
Cheibriados
Dithmenos
Gozag
Hepliaklqana
Makhleb
Okawaru
Qazlal
Ru
Sif Muna
Trog
Uskayaw
Vehumet
Wu Jian
Xom
Zin

Shops:
D:4 :*

Annotations:
D:6 1 runed translucent door, belegose's ghost, novice HOAK
D:7 1 runed translucent door, jjjjhere's ghost, novice HOCA
D:9 Prince Ribbit


Innate Abilities, Weirdness & Mutations

Your dull iron-grey scales are very hard. (AC +12)
You are amphibious.
You cannot fit into any form of body armour.
You are cold-blooded and may be slowed by cold attacks.
Your mind is acute. (Int +2)
Your magical capacity is low. (-10% MP)


Message History

Vehumet accepts your kill.
You feel your power returning.
The mystic blast hits the two-headed ogre!
The two-headed ogre is heavily wounded.
The mystic blast hits the eight-headed hydra!
The eight-headed hydra is heavily wounded.
The eight-headed hydra is knocked back by the mystic blast.
The eight-headed hydra slams into the stone wall!
The eight-headed hydra is heavily wounded.
The two-headed ogre hits you with a +0 giant club!
You block the two-headed ogre's attack.
The eight-headed hydra bites you but does no damage. x2
The eight-headed hydra bites you. x2
You block the eight-headed hydra's attack.
The eight-headed hydra bites you!
* * * LOW HITPOINT WARNING * * *
The eight-headed hydra bites you but does no damage.
You block the eight-headed hydra's attack.
Training target 4.0 for Shields reached!
Your Shields skill increases to level 4!
You feel much better.
The two-headed ogre hits you but does no damage. x2
You block the eight-headed hydra's attack.
The eight-headed hydra bites you.
The eight-headed hydra bites you but does no damage. x2
The eight-headed hydra bites you.
The eight-headed hydra bites you but does no damage. x2
You block the eight-headed hydra's attack.
You feel yourself speed up.
You block the eight-headed hydra's attack.
The eight-headed hydra bites you.
You block the eight-headed hydra's attack.
The eight-headed hydra bites you!
* * * LOW HITPOINT WARNING * * *
The eight-headed hydra bites you but does no damage.
The eight-headed hydra bites you!
* * * LOW HITPOINT WARNING * * *
The eight-headed hydra bites you but does no damage.
The eight-headed hydra bites you!
You die...

#...###...#####..>.# ##......
#..#..###...#......# ######.
#..##.#)###...#....# ##
#..##.#.#.###......#
#..##.#.#.#.###....#### #####
#).#..........###.....# ##.[.#
#.)##.#.#.#.##..##....###..#..
#..##.#.#.###.#..###.g.##.####
#..##)#.#####@###..###....##
#..#..### #.#D# #.##(###...###
#..#### #O## #.#....###...#
#..# #.#.# #.#......###.# #..#
## u# #....##......# #..# #.#
#.#......###.. #..#### .##
#.#....###...# #..#(.### #.
#.##.###.(.... #..#....###
#.###..###....#...


You could see an eight-headed hydra and a two-headed ogre.

Vanquished Creatures
  A tengu conjurer (D:8)
  Grinder (D:3)
  A hornet (D:8)
  2 wraiths
  A yak (D:8)
  A wyvern (D:8)
  Eustachio (D:3)
  A water moccasin (D:9)
  3 sky beasts
  An ice beast (D:5)
  A necrophage (D:5)
  6 orc warriors
  5 centaurs
  A phantom (D:5)
  2 bullfrogs
  A gnoll sergeant (D:8)
  A scorpion (D:5)
  5 wights (D:8)
  4 howler monkeys
  2 bullfrog zombies (D:5)
  5 centaur zombies
  A hound (D:4)
  5 orc priests
  A centaur skeleton (D:5)
  Jessica (D:3)
  2 bullfrog skeletons
  A gnoll shaman (D:8)
  2 iguanas
  5 orc wizards
  A hound skeleton (D:5)
  A howler monkey zombie (D:5)
  A howler monkey skeleton (D:5)
  8 gnolls
  9 adders
  A white imp (D:5)
  An ufetubus (D:3)
  6 dart slugs
  25 orcs
  6 ball pythons
  2 bats
  7 endoplasms
  3 giant cockroaches
  10 goblins
  8 hobgoblins
  3 jackals
  3 quokkas (D:1)
  2 frilled lizards
  6 kobolds
  3 rats
170 creatures vanquished.

Vanquished Creatures (others)
  8 demonic plants (D:1)
  9 fungi
  6 plants
  5 withered plants
28 creatures vanquished.

Grand Total: 198 creatures vanquished

Notes
Turn   | Place    | Note
-------+----------+-------------------------------------------
     0 | D:1      | hawla the Draconian Conjurer began the quest for the Orb.
     0 | D:1      | Reached XP level 1. HP: 14/14 MP: 3/3
    19 | D:1      | Noticed a polar bear
    19 | D:1      | Noticed a wyvern
    19 | D:1      | Noticed a swamp worm
    20 | D:1      | Noticed a hound
   420 | D:1      | Reached XP level 2. HP: 20/20 MP: 3/5
   504 | D:1      | Learned a level 2 spell: Searing Ray
   560 | D:1      | Found a faded altar of an unknown god.
   933 | D:2      | Reached XP level 3. HP: 26/26 MP: 0/6
  1495 | D:2      | Gained mutation: Your mind is acute. (Int +2) [potion of
                  | mutation]
  1495 | D:2      | Gained mutation: Your magical capacity is low. (-10% MP)
                  | [potion of mutation]
  2160 | D:3      | Reached skill level 5 in Conjurations
  2247 | D:3      | Reached XP level 4. HP: 33/33 MP: 2/6
  2256 | D:3      | Learned a level 4 spell: Iskenderun's Mystic Blast
  2315 | D:3      | Found a snail-covered altar of Cheibriados.
  2629 | D:3      | Noticed Grinder
  2652 | D:3      | You fall into a shaft and drop 2 floors!
  2652 | D:5      | Entered Level 5 of the Dungeon
  2652 | D:5      | Found an iron altar of Okawaru.
  2822 | D:5      | Noticed a scorpion
  2830 | D:5      | Killed a scorpion
  2831 | D:5      | Reached skill level 1 in Staves
  2940 | D:5      | Reached XP level 5. HP: 35/39 MP: 2/8
  3058 | D:4      | Noticed an orc warrior
  3130 | D:4      | Killed an orc warrior
  3131 | D:4      | Reached skill level 1 in Fighting
  3131 | D:4      | Reached skill level 2 in Staves
  3285 | D:3      | Noticed Jessica
  3287 | D:3      | Killed Jessica
  3288 | D:3      | Reached XP level 6. HP: 47/47 MP: 6/9
  3740 | D:3      | Killed Grinder
  3741 | D:3      | Reached skill level 3 in Staves
  4060 | D:4      | Noticed Eustachio
  4064 | D:4      | Found Fuxzitou's General Store.
  4083 | D:4      | Your scales start taking on a dull iron-grey colour.
  4083 | D:4      | Reached XP level 7. HP: 34/53 MP: 0/10
  4389 | D:3      | Killed Eustachio
  4390 | D:3      | Reached skill level 1 in Translocations
  4490 | D:4      | Reached skill level 1 in Earth Magic
  4492 | D:4      | Reached skill level 1 in Evocations
  4675 | D:4      | Found Zogh's Self-Improvement Boutique.
  5489 | D:4      | Found a stormy altar of Qazlal.
  5567 | D:5      | Reached skill level 4 in Staves
  5790 | D:5      | Found a shadowy altar of Dithmenos.
  5899 | D:5      | Reached XP level 8. HP: 61/63 MP: 3/12
  5999 | D:5      | Reached skill level 5 in Staves
  6902 | D:5      | Reached skill level 6 in Staves
  7128 | D:5      | Found a shimmering altar of Xom.
  7276 | D:6      | Reached skill level 7 in Staves
  7508 | D:6      | Found a runed translucent door.
  7581 | D:6      | Found an ornate altar of the Wu Jian Council.
  7660 | D:6      | Noticed belegose's ghost (novice HOAK)
  7894 | D:6      | Reached skill level 8 in Staves
  7898 | D:6      | Identified the ring of Kunig {Contam +Blink Fly rCorr SInv}
  8261 | D:6      | Reached XP level 9. HP: 53/70 MP: 0/13
  8740 | D:7      | Reached skill level 9 in Staves
  8786 | D:7      | Found a staircase to the Ecumenical Temple.
  8795 | D:7      | Found a runed translucent door.
  8795 | D:7      | Noticed jjjjhere's ghost (novice HOCA)
  8845 | D:7      | Learned a level 1 spell: Apportation
  9501 | Temple   | Entered the Ecumenical Temple
  9509 | Temple   | Became a worshipper of Vehumet
  9645 | D:8      | You are sucked into a shaft and drop 1 floor!
  9669 | D:9      | Noticed Prince Ribbit
  9908 | D:9      | Noticed a kobold demonologist
  9908 | D:9      | Noticed a deep elf knight
  9920 | D:9      | Reached skill level 10 in Staves
 10028 | D:8      | Found a hazy altar of Hepliaklqana.
 10722 | D:8      | Identified the +10 war axe "Beuvolon" {speed, Str+5}
 10763 | D:8      | Reached skill level 1 in Shields
 10826 | D:8      | Reached * piety under Vehumet
 10826 | D:8      | Offered knowledge of Freeze by Vehumet.
 10963 | D:8      | Found a hazy altar of Hepliaklqana.
 11449 | D:8      | Noticed a tengu conjurer
 11454 | D:8      | Reached skill level 11 in Staves
 11464 | D:8      | Reached XP level 10. HP: 70/77 MP: 1/14
 11930 | D:8      | Noticed an eight-headed hydra
 11930 | D:8      | Noticed a two-headed ogre
 11931 | D:8      | Noticed a white ugly thing
 11937 | D:8      | Slain by an eight-headed hydra

Illustrated notes

Levels and vault maps discovered:
D:1:      onia_arrival_zoo_common, layout_basic, shapermc_ecumenical_altar_gd,
          nrook_uturn
D:2:      layout_rooms
D:3:      layout_loops_ring, kennysheep_slug_shrine, uniq_jessica, uniq_grinder
D:4:      layout_basic, nicolae_qazlal_eye_of_the_storm, nicolae_stop_n_shop_1,
          nicolae_shop_self_help, uniq_eustachio
D:5:      corexii_shack_village, layout_basic, tgw_xom, okawaru_trees_2,
          mainiacjoe_overflow_boulevard
D:6:      layout_basic, mainiacjoe_overflow_cross_hatched,
          ebering_ghost_reflecting_pool
D:7:      layout_gridville, minmay_temple_entry_junction, gammafunk_ghost_grave,
          nicolae_elevator_lobby_plus
D:8:      minmay_the_grid_triangle_9x9_recursive_2
          [minmay_the_grid_triangle_9x9_prize_special,
          minmay_the_grid_triangle_9x9_corrupted_corridor,
          minmay_the_grid_triangle_9x9_skeleton,
          minmay_the_grid_triangle_9x9_dagger], layout_rooms,
          nzn_hepliaklqana_mist_gate, kennysheep_small_circle
D:9:      gammafunk_wand_slinger, layout_basic, grunt_ashenzari_visionary
          [grunt_ashenzari_visionary_swamp, grunt_ashenzari_visionary_spider],
          uniq_prince_ribbit1
Temple:   eino_narrow_crystal_temple

Skill      XL: |  1  2  3  4  5  6  7  8  9 10 |
---------------+-------------------------------+-----
Stealth        | 2 3 |  3.2
Dodging        | 2 |  2.5
Conjurations   | 5 6 |  6.0
Staves         | 1 2 3 4 8 11 | 11.4
Fighting       | 1 3 |  3.5
Spellcasting   | 3 4 |  4.0
Translocations | 1 |  1.0
Earth Magic    | 1 |  1.0
Evocations     | 1 3 |  3.0
Shields        | 3 4 |  4.0

Action                   |  1- 3 |  4- 6 |  7- 9 | 10-12 || total
-------------------------+-------+-------+-------+-------++-------
Melee: Unarmed           |    22 |       |       |       ||    22
       Tailslap          |     3 |     6 |    38 |     1 ||    48
       Quarterstaff      |    13 |    16 |       |       ||    29
       Staff             |       |     7 |   210 |     1 ||   218
       Punch             |       |       |     4 |       ||     4
 Cast: Magic Dart        |    14 |     7 |    31 |     2 ||    54
       Searing Ray       |    20 |    20 |    64 |     5 ||   109
       Iskenderun's Myst |       |     4 |    30 |     4 ||    38
       Apportation       |       |       |     1 |       ||     1
Evoke: Wand              |       |       |     4 |       ||     4
  Use: Scroll            |     5 |     1 |    10 |       ||    16
       Potion            |     2 |     3 |     6 |     2 ||    13
Armor: Skin              |    17 |    22 |   182 |    20 ||   241
Dodge: Dodged            |    34 |    31 |   186 |    10 ||   261
Block: Buckler           |       |       |    13 |    15 ||    28
